 Dungeon Crawl Stone Soup version 0.23-a0-619-g281719c6f9 (webtiles) character file.

4538 Pixllover the Cleaver (level 10, -8/132 HPs)
             Began as a Minotaur Berserker on Dec 22, 2018.
             Was an Elder of Trog.
             Mangled by an ice beast (13 damage)
             ... on level 8 of the Dungeon.
             The game lasted 00:20:08 (6046 turns).

Pixllover the Cleaver (Minotaur Berserker)          Turns: 6046, Time: 00:20:09

Health: -8/132     AC: 16    Str: 28    XL:     10   Next: 17%
Magic:  9/9        EV:  9    Int:  8    God:    Trog [****..]
Gold:   421        SH:  5    Dex: 11    Spells: 9/9 levels left

rFire    . . .     SeeInvis .   F - +1 broad axe
rCold    . . .     Gourm    .   k - +0 buckler
rNeg     . . .     Faith    .   m - +0 plate armour
rPois    +         Spirit   .   (helmet restricted)
rElec    +         Reflect  .   (no cloak)
rCorr    .         Harm     .   (no gloves)
MR       .....                  H - +0 pair of boots
Stlth    ..........             j - amulet of Lady Luck {rElec rPois Regen+ Str-4 Int+4}
HPRegen  0.72/turn              E - +3 ring of strength
MPRegen  0.11/turn              g - +1 ring of protection

@: berserking, very quick
A: retaliatory headbutt, horns 2
a: Berserk, Trog's Hand, Brothers in Arms, Renounce Religion


You were on level 8 of the Dungeon.
You worshipped Trog.
Trog was greatly pleased with you.
You were near starving.

You visited 1 branch of the dungeon, and saw 8 of its levels.

You collected 421 gold pieces.

Inventory:

Hand Weapons
 p - a +2 war axe of flaming
 F - a +1 broad axe (weapon)
Armour
 k - a +0 buckler (worn)
 m - a +0 plate armour (worn)
 H - a +0 pair of boots (worn)
Jewellery
 g - a +1 ring of protection (right hand)
 j - the amulet of Lady Luck (around neck) {rElec rPois Regen+ Str-4 Int+4}
   (You found it on level 4 of the Dungeon)

   [amulet of regeneration]

   It affects your strength (-4).
   It affects your intelligence (+4).
   It insulates you from electricity.
   It protects you from poison.
   It increases your rate of regeneration.
 E - a +3 ring of strength (left hand)
 G - an uncursed amulet of guardian spirit
 I - an uncursed amulet of the acrobat
Wands
 w - a wand of paralysis (3)
Scrolls
 d - 2 scrolls of blinking
 i - 4 scrolls of remove curse
 n - 2 scrolls of fear
 r - 2 scrolls of teleportation {unknown}
 v - a scroll of immolation {unknown}
 y - a scroll of enchant armour {unknown}
 B - 2 scrolls of identify
 D - a scroll of fog
Potions
 b - 2 potions of agility {unknown}
 e - a potion of haste
 f - 5 potions of curing
 h - a potion of cancellation {unknown}
 l - 2 potions of brilliance
 q - a potion of lignification {unknown}
 t - 2 potions of flight {unknown}
 x - 2 potions of invisibility {unknown}
 z - a potion of heal wounds {unknown}
 A - 2 potions of might {unknown}
 J - a potion of degeneration {unknown}
 K - a potion of experience {unknown}
 L - a potion of resistance {unknown}
Comestibles
 c - 21 rations


   Skills:
 + Level 7.7 Fighting
 + Level 12.5 Axes
 + Level 9.0 Armour
 + Level 4.5 Dodging
 + Level 0.5 Stealth
 + Level 4.5 Shields


You had 9 spell levels left.
You didn't know any spells.
Your spell library was empty.

Dungeon Overview and Level Annotations

Branches:
Dungeon (8/15)             Temple (0/1) D:5
   Lair: D:8-11

Altars:
Hepliaklqana
Nemelex Xobeh
Okawaru

Shops:
D:4 [   D:7 (


Innate Abilities, Weirdness & Mutations

You reflexively headbutt those who attack you in melee.
You have a pair of horns on your head.


Message History

You slice the orc priest!!
You feel the power of Trog in you as your rage grows.
You kill the orc priest!
Trog accepts your kill.
You carve the orc priest like a ham!!!
You kill the orc priest!
Trog accepts your kill.
The ice beast hits you but does no damage.
Things that are here:
a cursed -3 flail; a +0 morningstar; an orc corpse You barely miss the ice beast.
Your headbutt misses the ice beast.
The ice beast hits you but does no damage.
You slice the ice beast!!
The ice beast is severely wounded.
You barely miss the ice beast. You headbutt the ice beast!
The ice beast is almost dead.
The ice beast hits you.
* * * LOW HITPOINT WARNING * * *
The ice beast freezes you!
You die...

...######.#.........#
.8.# ##.###..##.#.#
.... #.......##.#.#
.. #..####.##.#.# ..
#. #..####....#.#
...) #.##
#............#
...!.#..#
#†############
.......o###....###
.......Y@).......#
8.8.8(.#######.#.#
.....?. .# # .......
# .....h. ......#
(.....


You could see an ice beast and an orc wizard.

Vanquished Creatures
  A two-headed ogre (D:5)
  A centaur zombie (D:8)
  A centaur skeleton (D:7)
  The ghost of Harunobu the Skirmisher, an amateur OgBe of Trog (D:5)
  Sigmund (D:6)
  Menkaure (D:6)
  A water moccasin (D:5)
  2 ice beasts (D:7)
  3 ogres
  3 orc warriors
  A necrophage (D:6)
  3 phantoms
  2 centaurs
  A big kobold (D:8)
  2 bullfrogs
  A scorpion (D:4)
  4 killer bees (D:8)
  2 howler monkeys (D:8)
  A crimson imp (D:7)
  4 hounds
  7 orc priests
  A gnoll shaman (D:5)
  3 orc wizards
  Ijyb (D:5)
  8 worker ants
  A hound skeleton (D:6)
  3 gnolls (D:5)
  8 adders
  2 oozes
  6 worms (D:2)
  2 dart slugs
  4 leopard geckos
  26 orcs
  3 bats
  3 giant cockroaches
  21 goblins
  4 hobgoblins
  11 jackals
  8 kobolds
  2 quokkas
  3 ball pythons
  4 frilled lizards
  12 rats
179 creatures vanquished.

Notes
Turn   | Place    | Note
-------+----------+-------------------------------------------
     0 | D:1      | Pixllover the Minotaur Berserker began the quest for the
                  | Orb.
     0 | D:1      | Reached XP level 1. HP: 19/19 MP: 0/0
   179 | D:1      | Reached skill level 4 in Axes
   179 | D:1      | Reached XP level 2. HP: 23/27 MP: 1/1
   671 | D:2      | Reached XP level 3. HP: 14/33 MP: 2/2
   690 | D:2      | Reached ** piety under Trog
   772 | D:2      | Reached XP level 4. HP: 14/41 MP: 3/3
  1197 | D:2      | Reached skill level 5 in Axes
  1743 | D:3      | Reached XP level 5. HP: 17/47 MP: 4/4
  1748 | D:3      | Reached skill level 6 in Axes
  2012 | D:3      | Found an iron altar of Okawaru.
  2016 | D:3      | Found a sparkling altar of Nemelex Xobeh.
  2023 | D:3      | Found a hazy altar of Hepliaklqana.
  2325 | D:3      | Reached *** piety under Trog
  3071 | D:4      | Noticed an ogre
  3077 | D:4      | Killed an ogre
  3077 | D:4      | Reached XP level 6. HP: 55/55 MP: 5/5
  3078 | D:4      | Reached skill level 7 in Axes
  3085 | D:4      | Reached skill level 1 in Shields
  3193 | D:4      | Reached XP level 7. HP: 13/60 MP: 6/6
  3404 | D:4      | Found Loosch's Armour Shoppe.
  3435 | D:4      | Got a pitted zirconium amulet
  3529 | D:4      | Reached skill level 5 in Fighting
  3747 | D:5      | Entered Level 5 of the Dungeon
  3755 | D:5      | Reached skill level 5 in Armour
  3786 | D:5      | Noticed Harunobu's ghost (amateur OgBe)
  3801 | D:5      | Found a runed door.
  3824 | D:5      | Noticed a two-headed ogre
  3833 | D:5      | Killed a two-headed ogre
  3833 | D:5      | Reached skill level 9 in Axes
  3833 | D:5      | Reached XP level 8. HP: 69/69 MP: 7/7
  4113 | D:5      | Identified the amulet of Lady Luck {rElec rPois Regen+
                  | Str-4 Int+4} (You found it on level 4 of the Dungeon)
  4187 | D:5      | Noticed Ijyb
  4193 | D:5      | Paralysed by Ijyb for 3 turns
  4203 | D:5      | Killed Ijyb
  4206 | D:5      | Found a staircase to the Ecumenical Temple.
  4273 | D:5      | Reached skill level 10 in Axes
  4538 | D:5      | Killed Harunobu's ghost
  4538 | D:5      | Reached XP level 9. HP: 69/75 MP: 8/8
  4686 | D:6      | Reached **** piety under Trog
  4770 | D:6      | Reached skill level 11 in Axes
  4811 | D:6      | Noticed Menkaure
  4820 | D:6      | Killed Menkaure
  4884 | D:6      | Noticed Sigmund
  4913 | D:6      | Killed Sigmund
  5333 | D:7      | Found an iron altar of Okawaru.
  5387 | D:7      | Found Mube's Antique Weapon Shop.
  5677 | D:7      | Reached skill level 12 in Axes
  6001 | D:8      | Reached XP level 10. HP: 75/86 MP: 9/9
  6038 | D:8      | HP: 3/129 [orc priest/divine providence (14)]
  6046 | D:8      | HP: 5/132 [ice beast (2)]
  6046 | D:8      | Mangled by an ice beast

Vault maps used:
D:1:      lemuel_arrival_rhombus
D:3:      cheibrodos_old_hovel, grunt_temple_overflow_diamond
D:4:      serial_shops, shop, first_ration
D:5:      minmay_temple_entry_water_ring, hellmonk_ghost_happy_afterlife,
          minmay_ogre_servants, uniq_ijyb
D:6:      uniq_sigmund, uniq_menkaure
D:7:      serial_shops, shop, grunt_ogre_cave, okawaru_metal_pillars_1_2
D:8:      grunt_temple_overflow_open, eat_drink_and_be_merry_uskayaw,
          nemelex_dance_club_becter

Skill      XL: |  1  2  3  4  5  6  7  8  9 10 |
---------------+-------------------------------+-----
Axes           | 4 5 6 7 9 10 12 | 12.5
Fighting       | 4 5 6 7 |  7.7
Armour         | 3 4 6 7 8 9 |  9.0
Shields        | 1 2 3 4 |  4.5
Dodging        | 3 4 |  4.5
Stealth        | |  0.5

Action                   |  1- 3 |  4- 6 |  7- 9 | 10-12 || total
-------------------------+-------+-------+-------+-------++-------
Melee: Hand axe          |    64 |   155 |    61 |       ||   280
       Headbutt          |     3 |    24 |    58 |     4 ||    89
       War axe           |       |       |   166 |       ||   166
       Broad axe         |       |       |    28 |    34 ||    62
Invok: Berserk           |       |     2 |     2 |     1 ||     5
  Use: Scroll            |     2 |     6 |     3 |       ||    11
       Potion            |     1 |       |       |       ||     1
  Eat: Chunk             |       |     5 |     8 |       ||    13
       Ration            |       |     1 |     1 |       ||     2
Armor: Scale mail        |    25 |    44 |       |       ||    69
       Chain mail        |       |     6 |    32 |       ||    38
       Plate armour      |       |       |   106 |    27 ||   133
Dodge: Dodged            |    42 |    74 |    76 |    11 ||   203
Block: Buckler           |     1 |    18 |    50 |     1 ||    70

Table legend:
 A = Non-vault XP
 B = Vault XP
 C = Vault XP percentage of total XP
 D = Non-vault monster count
 E = Vault monster count
 F = Vault count percentage of total count
                 A         B        C        D         E       F
            +---------+---------+-------+---------+---------+-------
      Total |    5434 |    1049 |  16.2 |     164 |      15 |   8.4
            +---------+---------+-------+---------+---------+-------
        D:1 |      34 |       0 |   0.0 |      20 |       0 |   0.0
        D:2 |     123 |       0 |   0.0 |      33 |       0 |   0.0
        D:3 |     181 |      13 |   6.7 |      27 |       1 |   3.6
        D:4 |     531 |       0 |   0.0 |      17 |       0 |   0.0
        D:5 |    1709 |     529 |  23.6 |      25 |      11 |  30.6
        D:6 |     590 |     389 |  39.7 |      14 |       2 |  12.5
        D:7 |    1041 |     118 |  10.2 |      11 |       1 |   8.3
        D:8 |    1225 |       0 |   0.0 |      17 |       0 |   0.0
            +---------+---------+-------+---------+---------+-------
